Map: Tropical Sacrifice

Players

ShaDoWn - Winner!

  • Race: Protoss Protoss
  • Spawn Location: 1:00

PiLiPiLi

  • Race: Protoss Protoss
  • Spawn Location: 7:00

Event: DreamHack SC2 Masters 2022 Atlanta (Offline)

VOD

Have the link to the VOD?

Description

Time

  • Played on: Nov. 18, 2022, 2:28 p.m.
  • Length: 9:50

All games in this series

Show
View Real Time Build Order
Export as new Build Order

ShaDoWn Protoss - Winner!

Build Orders: Phoenix Opening 

Get SALT Encoding   

  12  0:00  Probe  
  13  0:12  Probe  
  14  0:17  Pylon  
  14  0:24  Probe  
  15  0:35  Gateway  
  15  0:37  Probe (Chrono Boost)  
  16  0:46  Probe (Chrono Boost), Assimilator  
  17  0:51  Probe (Chrono Boost)  
  18  1:03  Probe (Chrono Boost)  
  19  1:04  Assimilator  
  19  1:12  Probe (Chrono Boost)  
  19  1:18  Probe, Gateway  
  21  1:28  Cybernetics Core  
  21  1:30  Probe  
  22  1:37  Pylon  
  22  1:42  Probe  
  23  1:55  Probe  
  24  2:05  Stalker  
  24  2:06  Warp Gate (Chrono Boost)  
  24  2:07  Stalker  
  24  2:08  Probe  
  29  2:38  Stargate  
  29  2:43  Nexus  
  29  2:49  Pylon  
  29  2:52  Probe  
  30  3:00  Shield Battery  
  30  3:04  Probe  
  31  3:16  Probe  
  32  3:24  Phoenix (Chrono Boost)  
  34  3:28  Probe  
  34  3:30  Shield Battery  
  35  3:40  Probe  
  36  3:52  Probe  
  36  3:55  Stalker x2  
  38  4:05  Probe  
  38  4:06  Probe  
  39  4:18  Probe (Chrono Boost)  
  39  4:20  Probe (Chrono Boost)  
  40  4:24  Twilight Council, Sentry  
  40  4:30  Probe (Chrono Boost)  
  44  4:33  Probe (Chrono Boost)  
  44  4:34  Stalker  
  44  4:35  Probe (Chrono Boost)  
  47  4:41  Phoenix, Probe  
  47  4:45  Probe  
  49  4:47  Gateway  
  49  4:53  Probe  
  49  4:54  Blink (Chrono Boost)  
  49  4:57  Probe  
  51  5:00  Pylon  
  51  5:05  Probe  
  51  5:11  Stalker  
  51  5:13  Probe  
  54  5:18  Stalker  
  56  5:26  Probe  
  57  5:28  Nexus  
  57  5:30  Pylon  
  58  5:36  Robotics Facility  
  58  5:37  Stalker  
  59  5:44  Stalker  
  59  5:48  Shield Battery  
  59  5:49  Probe x2, Assimilator  
  63  5:52  Stalker  
  65  6:00  Pylon  
  65  6:01  Probe  
  65  6:03  Probe  
  67  6:04  Stalker  
  69  6:13  Probe  
  69  6:16  Forge  
  71  6:18  Probe  
  71  6:20  Pylon  
  72  6:28  Probe (Chrono Boost), Stalker x2  
  72  6:30  Observer (Chrono Boost), Probe (Chrono Boost)  
  78  6:37  Charge  
  80  6:41  Probe (Chrono Boost)  
  80  6:44  Probe (Chrono Boost)  
  80  6:45  Probe (Chrono Boost)  
  81  6:48  Observer, Gateway  
  81  6:50  Probe (Chrono Boost), Stalker  
  81  6:53  Probe (Chrono Boost)  
  87  6:54  Probe (Chrono Boost)  
  87  6:57  Probe (Chrono Boost)  
  87  6:58  Protoss Ground Weapons Level 1 (Chrono Boost), Probe (Chrono Boost)  
  89  7:01  Pylon  
  89  7:02  Probe  
  90  7:09  Probe, Assimilator  
  90  7:10  Probe  
  92  7:18  Immortal (Chrono Boost)  
  92  7:20  Gateway, Stalker, Pylon  
  92  7:21  Gateway  
  98  7:24  Stalker  
  100  7:31  Probe  
  100  7:33  Stalker  
  100  7:36  Probe  
  96  7:46  Zealot x2  
  96  7:50  Immortal (Chrono Boost)  
  104  7:52  Nexus  
  104  7:53  Gateway  
  104  7:58  Zealot x2  
  108  8:01  Pylon  
  108  8:02  Pylon  
  108  8:10  Stalker  
  108  8:11  Zealot  
  108  8:17  Pylon  
  108  8:18  Pylon  
  108  8:21  Zealot x4  
  108  8:24  Templar Archives  
  108  8:25  Shield Battery  
  116  8:32  Zealot  
  108  8:34  Zealot  
  96  8:42  Zealot x4  
  104  8:51  Zealot  
  104  8:53  Immortal  
  110  8:55  Gateway  
  110  8:59  Zealot  
  110  9:00  Zealot  
  114  9:09  Zealot x2, High Templar x2  
  120  9:11  Shield Battery  
  120  9:14  Archon  
  120  9:16  Zealot  
  122  9:22  Zealot x2  
  124  9:27  Probe  
  124  9:30  Zealot x2  
  112  9:38  Zealot  
  101  9:42  Zealot x2  
  98  9:45  Zealot x2  
Show
View Real Time Build Order
Export as new Build Order

PiLiPiLi Protoss 

Build Orders: Oracle Opening, Phoenix Opening 

Get SALT Encoding   

  12  0:00  Probe  
  13  0:12  Probe  
  14  0:20  Pylon  
  14  0:24  Probe  
  15  0:38  Probe (Chrono Boost)  
  15  0:39  Gateway  
  16  0:48  Assimilator  
  16  0:49  Probe (Chrono Boost)  
  17  0:53  Probe (Chrono Boost)  
  18  1:01  Assimilator  
  18  1:05  Probe  
  19  1:17  Probe  
  20  1:23  Pylon  
  20  1:29  Zealot, Cybernetics Core  
  22  1:33  Probe  
  23  1:45  Probe  
  24  1:58  Probe  
  25  2:05  Warp Gate, Stalker  
  27  2:09  Stargate  
  27  2:15  Probe  
  28  2:28  Pylon  
  28  2:40  Stalker  
  29  2:49  Shield Battery  
  29  2:50  Oracle (Chrono Boost)  
  32  3:03  Shield Battery  
  32  3:21  Nexus  
  32  3:22  Probe  
  33  3:33  Phoenix  
  35  3:37  Probe  
  36  3:51  Probe  
  37  4:04  Probe  
  36  4:11  Twilight Council  
  36  4:16  Probe, Stalker  
  37  4:17  Gateway  
  37  4:28  Probe (Chrono Boost)  
  38  4:32  Gateway  
  38  4:33  Probe (Chrono Boost)  
  39  4:40  Probe (Chrono Boost)  
  39  4:45  Probe (Chrono Boost)  
  41  4:46  Blink (Chrono Boost)  
  41  4:48  Probe (Chrono Boost)  
  41  4:50  Probe (Chrono Boost)  
  43  4:54  Probe  
  44  5:01  Probe  
  44  5:03  Stalker  
  44  5:06  Probe  
  48  5:09  Pylon  
  48  5:12  Stalker  
  50  5:16  Probe  
  50  5:18  Probe  
  52  5:27  Stalker  
  52  5:28  Probe  
  55  5:30  Stalker  
  55  5:32  Pylon  
  57  5:46  Nexus  
  57  5:47  Probe, Pylon  
  57  5:48  Probe  
  59  5:54  Stalker  
  59  5:56  Stalker  
  63  6:00  Stalker  
  66  6:11  Probe  
  66  6:15  Pylon  
  66  6:18  Stalker  
  66  6:19  Stalker  
  66  6:23  Gateway  
  67  6:29  Stalker  
  67  6:30  Charge (Chrono Boost), Probe  
  67  6:31  Probe  
  71  6:36  Gateway  
  71  6:42  Stalker x2  
  73  6:57  Stalker  
  71  7:02  Probe  
  71  7:03  Probe x2  
  71  7:07  Gateway  
  74  7:10  Gateway x2  
  74  7:14  Probe  
  74  7:15  Stalker x2, Pylon  
  77  7:18  Probe x2  
  81  7:25  Stalker x2  
  77  7:39  Stalker x3  
  83  7:46  Probe x2  
  83  7:50  Zealot x2  
  89  8:03  Stalker x4  
  89  8:05  Zealot x2  
  97  8:14  Zealot, Stalker  
  97  8:19  Zealot  
  103  8:20  Zealot  
  103  8:23  Pylon  
  105  8:33  Zealot x5  
  91  8:43  Zealot x3  
  87  8:54  Stalker x3  
  87  8:55  Zealot x2  
  97  8:59  Zealot x2  
  101  9:08  Zealot  
  101  9:10  Zealot  
  101  9:16  Stalker x3  
  109  9:20  Zealot x2, Stalker  
  115  9:29  Zealot  
  93  9:32  Zealot  
  83  9:44  Zealot x5  
  83  9:45  Zealot  
Tags
 
Add a new tag
Caveats
  • Supply blocks, unpowered buildings, or Contaminate may cause inaccurate times.
  • Supply counts are checked every 10 seconds.